 Dungeon Crawl Stone Soup version 0.31.0-32-g396128a36d (webtiles) character file.

Game seed: 16146543487101986363

6763 spaghetti the Covert (level 11, -5/97 HPs)
             Began as a Naga Chaos Knight on Mar 9, 2024.
             Was a Plaything of Xom.
             Slain by a slime creature (14 damage)
             ... on level 12 of the Dungeon.
             The game lasted 00:14:07 (8774 turns).

spaghetti the Covert (Naga Chaos Knight)            Turns: 8774, Time: 00:14:07

Health: -5/97      AC: 12    Str: 21    XL:     11   Next: 4%
Magic:  1/17       EV: 14    Int: 17    God:    Xom [*.....]
Gold:   418        SH:  0    Dex: 19    Spells: 5/18 levels left

rFire   . . .        l - +4 quarterstaff (chaos)
rCold   . . .        (shield currently unavailable)
rNeg    + . .        b - +3 leather armour
rPois   +            r - +1 hat
rElec   +            m - +0 cloak
rCorr   .            (no gloves)
SInv    +            (no barding)
Will    +....        (no amulet)
Stlth   +++++        h - +5 ring of evasion
HPRegen 0.36/turn    n - ring "Urukoc" {^Drain +Blink rPois rN+ Str+7 Dex+6}
MPRegen 0.15/turn

%: no passive effects
@: very slightly contaminated, very slow
A: AC +3, large, see invisible, deformed body, poison resistance, slowness 2,
spit poison 1, naga tail 1, horns 1, stinger 1, iridescent scales 1, thin
skeletal structure 1, frail 1, electricity resistance, wild magic 1, inability
to read after injury 1
a: Spit Poison, Renounce Religion, Evoke Blink


You were on level 12 of the Dungeon.
You worshipped Xom.
You were a special plaything of Xom.
You visited 1 branch of the dungeon, and saw 10 of its levels.

You collected 585 gold pieces.
You spent 167 gold pieces at shops.

Inventory:

Hand Weapons
 a - a +0 short sword of chaos
 j - a +2 dagger of venom
 l - a +4 quarterstaff of chaos (weapon)
Missiles
 g - 6 throwing nets
Armour
 b - a +3 leather armour (worn)
 i - a +0 helmet
 m - a +0 cloak (worn)
 r - a +1 hat (worn)
Magical Staves
 G - a staff of fire
Jewellery
 h - a +5 ring of evasion (left hand)
 n - the ring "Urukoc" (right hand) {^Drain +Blink rPois rN+ Str+7 Dex+6}
   (You found it on level 3 of the Dungeon)

   [ring of dexterity]

   Str+7:     It affects your strength (+7).
   Dex+6:     It affects your dexterity (+6).
   rPois:     It protects you from poison rN+: It protects you from negative
   energy.
   +Blink:    It lets you blink.
   ^Drain:    It drains your maximum health when unequipped.
Wands
 q - a wand of flame (30)
 t - a wand of digging (10)
 B - a wand of quicksilver (6)
 C - a wand of mindburst (10)
 F - a wand of charming (9)
 H - a wand of roots (4)
Scrolls
 c - a scroll of butterflies
 d - 3 scrolls of poison
 f - a scroll of fear
 o - a scroll of enchant weapon
 s - a scroll of immolation
 x - a scroll of revelation
 E - 3 scrolls of amnesia
 I - a scroll of vulnerability
 J - a scroll of enchant armour
Potions
 v - a potion of degeneration
 z - 5 potions of curing
 A - 5 potions of enlightenment
 K - a potion of lignification
 L - a potion of mutation {unknown}


   Skills:
 - Level 9.7 Fighting
 - Level 5.5 Short Blades
 - Level 1.5 Armour
 - Level 0.7 Dodging
 - Level 10.0 Stealth
 - Level 4.0 Spellcasting
 - Level 4.4 Summonings
 - Level 0.9 Translocations
 - Level 0.6 Air Magic
 - Level 4.4 Earth Magic
 + Level 7.5 Evocations


You had 5 spell levels left.
You knew the following spells:

 Your Spells              Type           Power      Damage    Failure   Level
a - Animate Armour        Summ/Erth      48%        N/A       36%         4
b - Summon Forest         Summ/Tloc      8%         N/A       90%         5
c - Summon Lightning Spi  Summ/Air       15%        N/A       63%         4

Your spell library contained the following spells:

 Spells                   Type           Power      Damage    Failure   Level
 Sandblast                Erth           48%        2d12      5%          1
 Passwall                 Erth           24%        N/A       13%         3
 Foxfire                  Conj/Fire      16%        2x1d4     26%         1
 Freeze                   Ice            16%        1d4       26%         1
 Slow                     Hex            16%        N/A       26%         1
 Blink                    Tloc           16%        N/A       26%         2
 Lesser Beckoning         Tloc           16%        N/A       26%         2
 Momentum Strike          Conj/Tloc      12%        3d8       30%         2
 Stone Arrow              Conj/Erth      28%        3d8       30%         3
 Static Discharge         Conj/Air       10%        3-4/arc   32%         2
 Frozen Ramparts          Ice            8%         1d2       56%         3
 Hailstorm                Conj/Ice       4%         3d5       56%         3
 Inner Flame              Hex/Fire       4%         N/A       56%         3
 Brom's Barrelling Bould  Conj/Erth      14%        2d4       65%         4
 Airstrike                Air            3%         2d(1-17)  86%         4
 Irradiate                Conj/Alch      2%         3d12      99%         5
 Eringya's Noxious Bog    Alch           2%         4d6       100%        6
 Plasma Beam              Fire/Air       2%         2x1d12    100%        6
 Starburst                Conj/Fire      2%         6d3       100%        6
 Summon Hydra             Summ           12%        N/A       100%        7
 Ignition                 Fire           2%         3d3       100%        8
 Lehudib's Crystal Spear  Conj/Erth      7%         10d3      100%        8


Dungeon Overview and Level Annotations

Branches:
Dungeon (9/15)             Temple (0/1) D:5
   Lair: D:8-11         Orc: D:9-12

Altars:
Dithmenos
Fedhas
Gozag
Hepliaklqana
Kikubaaqudgha
Qazlal
Sif Muna
Vehumet
Wu Jian
Xom
Zin
The Shining One

Shops:
D:2 ?   D:5 (   D:7 !

Portals:
Trove: D:12 (give 6 potions of haste)

Annotations:
D:6 1 runed translucent door, Tripartite's ghost, novice AtFi


Innate Abilities, Weirdness & Mutations

Your serpentine skin is tough. (AC +3)
You have supernaturally acute eyesight. (SInv)
Armour fits poorly on your strangely shaped body.
Your system is resistant to poisons. (rPois)
You cover ground very slowly.
You can spit poison.
You have a snake-like lower body.
You have a pair of small horns on your head.
Your tail ends in a venomous barb.
You are partially covered in iridescent scales. (AC +2)
You have a somewhat thin skeletal structure. (Dex +2, Stealth+)
You are frail. (-10% HP)
You are resistant to electric shocks. (rElec)
Your spells are a little harder to cast, but a little more powerful.
You occasionally lose the ability to read scrolls when taking damage.


Message History

Okay, then.
Aiming: Quicksilver Bolt
Press: ? - help, Shift-Dir - straight line, f - nameless horror
Aim: a nameless horror (durably summoned, 100% to hit)
The bolt of dispelling energy hits the nameless horror!
The nameless horror is moderately damaged.
The nameless horror hits you but does no damage.
Aiming: Quicksilver Bolt
Press: ? - help, Shift-Dir - straight line, f/p - nameless horror
Aim: a nameless horror (moderately damaged, durably summoned, 100% to hit)
The bolt of dispelling energy hits the nameless horror!!
The nameless horror is almost destroyed.
The nameless horror hits you.
* * * LOW HITPOINT WARNING * * *
You feel your power leaking away.
Unknown command.
Unknown command.
Aiming: Quicksilver Bolt
Press: ? - help, Shift-Dir - straight line, f/p - nameless horror
Aim: a nameless horror (almost destroyed, durably summoned, 100% to hit)
The bolt of dispelling energy hits the nameless horror!!
You destroy the nameless horror!
That felt strangely unrewarding.
The slime creature attacks as it pursues you!
The slime creature hits you but does no damage.
The slime creature hits you but does no damage.
Aiming: Fastroot
Press: ? - help, Shift-Dir - straight line The roots erupt in riotous growth!
The slime creature is unaffected. x2
The slime creature barely misses you.
Aiming: Fastroot
Press: ? - help, Shift-Dir - straight line, f - slime creature
Aim: a slime creature The roots erupt in riotous growth!
The slime creature is unaffected. x2
The slime creature hits you!
* * * LOW HITPOINT WARNING * * *
The slime creature attacks as it pursues you!
The slime creature hits you!
You die...
Xom bursts into laughter!

#.#... ...#..
###....# ##......##
##.##...#.#
##..#..<...#
##..........####
##....J@.....#..#
##......#.........
##..J#.J#.#........
#....#...#.........
###..J#.#####........
##.#...### ##........
#)##÷)### #....###..
#.÷)..#.## ##...## .
#.)))....###.#..#


You could see 3 slime creatures.

Vanquished Creatures
  Josephine (D:12)
  A boulder beetle (D:12)
  A nameless horror (D:12)
  Pikel (D:6)
  A kobold demonologist (D:12)
  A troll (D:12)
  Grinder (D:5)
  A wyvern (D:7)
  5 yaks (D:8)
  3 water moccasins
  An orc warrior (D:9)
  A phantom (D:5)
  A lemure (D:6)
  A kobold brigand (D:7)
  Blork the orc (D:5)
  5 bullfrogs
  5 scorpions
  6 killer bees
  3 howler monkeys
  2 jellies
  5 orc priests
  A bombardier beetle (D:5)
  4 hounds
  Crazy Yiuf (D:2)
  3 iguanas
  Ijyb (D:5)
  4 orc wizards
  A sleepcap (D:5)
  Robin (D:2)
  12 gnolls
  13 adders
  A white imp (D:8)
  2 ufetubi (D:7)
  2 dart slugs
  A ribbon worm (D:3)
  27 orcs
  8 endoplasms
  2 giant cockroaches
  19 goblins
  6 hobgoblins
  3 quokkas
  4 ball pythons
  9 bats
  3 frilled lizards
  12 kobolds
  4 rats
191 creatures vanquished.

Vanquished Creatures (collateral kills)
  A kobold demonologist (D:12)
  A komodo dragon (D:12)
  2 slime creatures (D:12)
  3 wraiths (D:12)
  A kobold brigand (D:12)
  4 killer bees
  An orc wizard (D:9)
  2 orcs
  5 kobolds (D:12)
20 creatures vanquished.

Vanquished Creatures (others)
  An ugly thing (D:12)
  A yak (D:8)
  A kobold brigand (D:12)
3 creatures vanquished.

Grand Total: 214 creatures vanquished

Notes
Turn   | Place    | Note
-------+----------+-------------------------------------------
     0 | D:1      | spaghetti the Naga Chaos Knight began the quest for the
                  | Orb.
     0 | D:1      | Reached XP level 1. HP: 21/21 MP: 1/1
    53 | D:1      | Reached skill level 1 in Stealth
   255 | D:1      | Reached XP level 2. HP: 28/28 MP: 2/2
   301 | D:1      | Reached skill level 2 in Stealth
   517 | D:1      | Found a faded altar of an unknown god.
   669 | D:1      | XOM: 1-stop teleportation journey
   846 | D:2      | Reached XP level 3. HP: 31/34 MP: 3/3
   874 | D:2      | Reached skill level 3 in Stealth
   876 | D:2      | XOM: silly message
   963 | D:1      | Reached XP level 4. HP: 33/42 MP: 4/4
  1007 | D:2      | Reached skill level 4 in Stealth
  1064 | D:2      | XOM: silly message
  1165 | D:2      | Found Paifridgh's Magic Scroll Shoppe.
  1178 | D:2      | Bought a scroll of identify for 20 gold pieces
  1328 | D:2      | Found a runed translucent door.
  1329 | D:2      | Noticed Crazy Yiuf
  1342 | D:2      | XOM: butterfly on damage
  1347 | D:2      | Killed Crazy Yiuf
  1651 | D:2      | XOM: silly message
  1674 | D:2      | XOM: give mutations
  1674 | D:2      | Gained mutation: Your spells are a little harder to cast,
                  | but a little more powerful. [Xom's mischief]
  1674 | D:2      | Gained mutation: You are frail. (-10% HP) [Xom's mischief]
  1674 | D:2      | Gained mutation: You occasionally lose the ability to read
                  | scrolls when taking damage. [Xom's mischief]
  1719 | D:2      | Reached XP level 5. HP: 44/44 MP: 5/5
  1794 | D:2      | Noticed Robin
  1801 | D:2      | Reached skill level 5 in Stealth
  1812 | D:2      | XOM: confusion (+ monsters)
  1819 | D:2      | Killed Robin
  2130 | D:3      | Identified the ring "Urukoc" {^Drain +Blink rPois rN+ Str+7
                  | Dex+6}
  2276 | D:3      | Noticed a water moccasin
  2295 | D:3      | XOM: smoke on damage
  2300 | D:3      | Killed a water moccasin
  2301 | D:3      | Reached skill level 5 in Short Blades
  2301 | D:3      | Reached skill level 6 in Stealth
  2301 | D:3      | Reached XP level 6. HP: 33/50 MP: 6/6
  2367 | D:2      | Bought a scroll of enchant weapon for 75 gold pieces
  2548 | D:3      | Found a glowing golden altar of the Shining One.
  3171 | D:4      | Reached skill level 7 in Stealth
  3322 | D:4      | XOM: give mutations
  3322 | D:4      | Gained mutation: You have a pair of small horns on your
                  | head. [Xom's grace]
  3322 | D:4      | Gained mutation: You have a somewhat thin skeletal
                  | structure. (Dex +2, Stealth+) [Xom's grace]
  3322 | D:4      | Gained mutation: Your tail ends in a venomous barb. [Xom's
                  | grace]
  3322 | D:4      | Gained mutation: You are partially covered in iridescent
                  | scales. (AC +2) [Xom's grace]
  3370 | D:4      | Found an opulent altar of Gozag.
  3756 | D:5      | Entered Level 5 of the Dungeon
  3760 | D:5      | Found a staircase to the Ecumenical Temple.
  3760 | D:5      | Noticed Grinder
  3760 | D:5      | XOM: 1-stop teleportation journey
  3767 | D:5      | XOM: potion effect (might)
  3772 | D:5      | Killed Grinder
  3773 | D:5      | Reached skill level 9 in Stealth
  3773 | D:5      | Reached XP level 7. HP: 36/55 MP: 7/7
  3892 | D:5      | XOM: divination: detect items
  3900 | D:5      | Reached skill level 10 in Stealth
  3942 | D:5      | Noticed Blork the orc
  3943 | D:5      | XOM: confuse monster(s)
  3951 | D:5      | XOM: enchant monster (bad)
  3953 | D:5      | Killed Blork the orc
  3999 | D:5      | Found a blossoming altar of Fedhas.
  4037 | D:5      | Noticed Ijyb
  4051 | D:5      | XOM: swap monsters
  4061 | D:5      | Killed Ijyb
  4104 | D:5      | Reached XP level 8. HP: 38/65 MP: 8/8
  4229 | D:5      | Found a glowing silver altar of Zin.
  4229 | D:5      | Found a hazy altar of Hepliaklqana.
  4280 | D:5      | Found a stormy altar of Qazlal.
  4314 | D:5      | Reached skill level 5 in Fighting
  4510 | D:5      | Found Tineuqip's Weapon Emporium.
  4628 | D:6      | Found an ornate altar of the Wu Jian Council.
  4729 | D:6      | Found a shadowy altar of Dithmenos.
  4779 | D:6      | XOM: give mutation
  4779 | D:6      | Gained mutation: You are resistant to electric shocks.
                  | (rElec) [Xom's grace]
  4867 | D:6      | Noticed Pikel
  4876 | D:6      | Killed Pikel
  4877 | D:6      | Reached XP level 9. HP: 59/81 MP: 9/9
  4972 | D:6      | Found a runed translucent door.
  4975 | D:6      | Noticed Tripartite's ghost (novice AtFi)
  4993 | D:6      | XOM: god gift: plate armour {god gift}
  5095 | D:6      | Learned a level 4 spell: Animate Armour
  5243 | D:6      | Found a radiant altar of Vehumet.
  5247 | D:6      | Found an ancient bone altar of Kikubaaqudgha.
  5248 | D:6      | Found a shimmering blue altar of Sif Muna.
  5253 | D:6      | Got Sif Muna's Compendium of Guile
  5298 | D:6      | XOM: noise
  5407 | D:7      | Reached skill level 1 in Summonings
  5407 | D:7      | Reached skill level 1 in Earth Magic
  5444 | D:7      | Reached skill level 1 in Spellcasting
  5538 | D:7      | XOM: polymorph gnoll -> goblin
  5555 | D:7      | XOM: confuse monster(s)
  5560 | D:7      | XOM: summons 2 friendly demons
  5785 | D:7      | XOM: god gift: 47 gold pieces
  5794 | D:7      | Found Zuijih's Distillery.
  5810 | D:7      | Bought 2 potions of curing for 72 gold pieces
  5843 | D:7      | XOM: divination: detect items
  6005 | D:7      | XOM: cloud trail
  6333 | D:8      | XOM: 5-stop teleportation journey
  6447 | D:8      | XOM: 7-stop teleportation journey
  6810 | D:8      | XOM: cast spell 'Summon Hydra'
  7121 | D:8      | XOM: fog
  7131 | D:8      | XOM: confuse monster(s)
  7134 | D:8      | Reached XP level 10. HP: 53/89 MP: 13/15
  7135 | D:8      | XOM: destruction
  7357 | D:8      | Learned a level 5 spell: Summon Forest
  7491 | D:8      | Learned a level 4 spell: Summon Lightning Spire
  7560 | D:8      | XOM: scenery: create altars
  7781 | D:8      | XOM: god gift: dyed leather armour {god gift}
  7928 | D:8      | XOM: summons 1 hostile demon
  8034 | D:9      | Noticed a two-headed ogre
  8041 | D:9      | XOM: 1-stop teleportation journey
  8300 | D:9      | XOM: summons 4 hostile shadow creatures
  8301 | D:9      | Noticed a seven-headed hydra
  8301 | D:9      | Noticed an unseen horror
  8307 | D:9      | You fall into a shaft and drop 3 floors!
  8307 | D:12     | Found a portal to a secret trove of treasure.
  8429 | D:12     | Noticed a purple ugly thing
  8430 | D:12     | Noticed Josephine
  8433 | D:12     | Noticed a kobold demonologist
  8447 | D:12     | Killed a kobold demonologist
  8449 | D:12     | Noticed a kobold demonologist
  8463 | D:12     | XOM: cleaving
  8463 | D:12     | Killed a kobold demonologist
  8485 | D:12     | Reached skill level 5 in Evocations
  8494 | D:12     | Killed Josephine
  8505 | D:12     | Noticed a boulder beetle
  8507 | D:12     | XOM: summons friendly white imp
  8518 | D:12     | XOM: scenery: summon butterflies
  8525 | D:12     | Killed a boulder beetle
  8526 | D:12     | Reached XP level 11. HP: 29/97 MP: 17/17
  8753 | D:12     | Noticed a nameless horror
  8753 | D:12     | XOM: butterfly on damage
  8769 | D:12     | Killed a nameless horror
  8774 | D:12     | Slain by a slime creature

Illustrated notes

Levels and vault maps discovered:
D:1:      erik_arrival_orb_chamber, layout_basic,
          shapermc_ecumenical_altar_mp_ritualfount,
          chequers_serial_rivers_micro_e, dk_noncrumbling_3
D:2:      layout_loops_ring, serial_shops, shop, st_stairs_12,
          amcnicky_mini_corridor_feature, grunt_ministairs_3,
          uniq_crazy_yiuf_cottage, uniq_robin
D:3:      minmay_general_purpose_star, layout_basic, tso_altar
D:4:      layout_basic, mainiacjoe_overflow_surrounded_room,
          portal_sewer_entry_d
D:5:      layout_rooms, grunt_temple_overflow_forces_of_nature,
          mainiacjoe_overflow_large_starburst, minmay_temple_entry_fiery,
          serial_shops, nicolae_stop_n_shop_1, hangedman_abyss_or_decor_slice,
          uniq_blork_the_orc, uniq_grinder, uniq_ijyb
D:6:      layout_loops_ring, grunt_temple_overflow_magic_moments,
          mainiacjoe_overflow_24_doors, mainiacjoe_overflow_alcove_1,
          ebering_ghost_sewer_d, uniq_pikel
D:7:      layout_basic, serial_shops, nicolae_shop_rolling_square
D:8:      layout_basic, serial_co_window_serial, co_window_of_opportunity_a,
          co_window_of_opportunity_a, co_window_paths_b, co_window_paths_a,
          co_window_paths_b, co_window_broadway_b, co_window_cross_4,
          co_window_of_opportunity_b, co_window_of_opportunity_c,
          co_window_corner_cb, co_window_paths_d, glass_columns_b,
          glass_columns_a
D:9:      layout_basic, orc_david_3, grunt_ministairs_12, minmay_holes,
          nicolae_doodle_vault
D:12:     layout_big_octagon, nicolae_trove_entry_columns, uniq_josephine

Skill      XL: |  1  2  3  4  5  6  7  8  9 10 |
---------------+-------------------------------+-----
Stealth        | 1 2 3 4 6 9 10 | 10.0
Short Blades   | 4 5 |  5.5
Fighting       | 4 8 9 |  9.7
Summonings     | 3 4 |  4.4
Earth Magic    | 3 4 |  4.4
Spellcasting   | 3 4 |  4.0
Evocations     | 7 |  7.5
Armour         | |  1.5
Dodging        | |  0.7
Translocations | |  0.9
Air Magic      | |  0.6

Action                     |  1- 3 |  4- 6 |  7- 9 | 10-12 || total
---------------------------+-------+-------+-------+-------++-------
  Melee: Short sword       |    35 |       |       |       ||    35
         Dagger            |    37 |    26 |       |       ||    63
         Quarterstaff      |       |   146 |   261 |    77 ||   484
         Headbutt          |       |     1 |    56 |    19 ||    76
   Cast: Animate Armour    |       |       |       |     8 ||     8
Ability: Spit Poison       |     2 |     2 |       |     6 ||    10
  Evoke: Wand              |       |       |       |    17 ||    17
    Use: Scroll            |     2 |     4 |     2 |     7 ||    15
         Potion            |       |     1 |     1 |     7 ||     9
   Stab: Sleeping          |     2 |    13 |    12 |     1 ||    28
         Confused          |       |     1 |     1 |     1 ||     3
         Distracted        |       |     1 |     2 |       ||     3
 Armour: Leather armour    |    35 |   107 |   208 |    83 ||   433
         Skin              |       |       |       |    26 ||    26
  Dodge: Dodged            |    73 |   156 |   291 |    68 ||   588
